 Dungeon Crawl Stone Soup version 0.29-a0-344-ge2f44be95a (webtiles) character file.

Game seed: 12909163940803117572

8 Morbidden the Skirmisher (level 2, 24/24 HPs)
             Began as a Demonspawn Fighter on Apr 20, 2022.
             Quit the game on level 1 of the Dungeon.
             The game lasted 00:00:44 (371 turns).

Morbidden the Skirmisher (Demonspawn Fighter)        Turns: 371, Time: 00:00:44

Health: 24/24      AC: 12    Str: 16    XL:     2   Next: 0%
Magic:  2/2        EV:  4    Int:  9    God:
Gold:   29         SH:  4    Dex: 12    Spells: 1/1 levels left

rFire   + . .      SeeInvis .   a - +0 war axe
rCold   . . .      Faith    .   c - +0 buckler
rNeg    . . .      Spirit   .   g - +0 plate armour
rPois   .          Reflect  .   (no helmet)
rElec   .          Harm     .   (no cloak)
rCorr   .          Rampage  .   f - +0 pair of gloves
Will    .....                   (no boots)
Stlth   ..........              (no amulet)
HPRegen 0.08/turn               e - ring of protection from fire
MPRegen 0.08/turn               (no ring)

@: no status effects
A: demonic guardian 1
a: no special abilities


You were on level 1 of the Dungeon.
You visited 1 branch of the dungeon, and saw 1 of its levels.

You collected 29 gold pieces.

Inventory:

Hand Weapons
 a - a +0 war axe (weapon)
Armour
 c - a +0 buckler (worn)
 f - a +0 pair of gloves (worn)
 g - a +0 plate armour (worn)
Jewellery
 e - a ring of protection from fire (left hand)
Scrolls
 b - a scroll of teleportation {unknown}
 h - a scroll of immolation {unknown}
 i - a scroll of amnesia {unknown}
Potions
 d - a potion of might


   Skills:
 * Level 3.2 Fighting
 * Level 1.9 Axes
 + Level 2.7 Armour
 * Level 0.2 Dodging
 + Level 2.7 Shields
 * Level 0.2 Spellcasting


You had one spell level left.
You didn't know any spells.
Your spell library was empty.

Dungeon Overview and Level Annotations

Branches:
Dungeon (1/15)

Altars:


Innate Abilities, Weirdness & Mutations

A weak demonic guardian rushes to your aid.


Message History

No target in view!
Found a hunting sling.
You now have 29 gold pieces (gained 10).
No target in view!
A hobgoblin comes into view.
The hobgoblin shouts!
A hobgoblin is nearby!
You slash the hobgoblin!
You kill the hobgoblin!
Key pressed, stopping explore.
No target in view!
i - a scroll labelled JOLOUDAIWK No target in view!
Key pressed, stopping explore.
No target in view!
No target in view!
A quokka comes into view.
Found a stone staircase leading down.
A quokka is nearby!
A quokka is nearby!
You hit the quokka.
The quokka is severely wounded.
The quokka bites you but does no damage.
A quokka is nearby!
You barely miss the quokka.
The quokka is severely wounded.
The quokka completely misses you.
The quokka bites you but does no damage.
A quokka is nearby!
You slash the quokka!
You kill the quokka!
You have reached level 2!
Your demonic ancestry asserts itself...
You feel the presence of a demonic guardian.
No target in view!
There is a staircase leading out of the dungeon here.
A goblin comes into view. It is wielding a +0 club.
The goblin shouts!
A goblin is nearby!
Are you sure you want to abandon this character and quit the game? (Confirm with "yes".)

.##.#..# ..#.##[# #..
#......# #.# ########
# #.# #...#..# .# #.#
....#.####.# #.# #
###...#....#####.##.#
.#..###..#..g.......#
.#.##....# #@#
.#....#..## #.#
##.#####..# #.# .#.#
##.######.# .#..
#........# ####
########## # #


You could see a goblin.

Vanquished Creatures
  A ball python (D:1)
  2 giant cockroaches (D:1)
  A hobgoblin (D:1)
  A quokka (D:1)
  A bat (D:1)
  A kobold (D:1)
7 creatures vanquished.

Notes
Turn   | Place    | Note
-------+----------+-------------------------------------------
     0 | D:1      | Morbidden the Demonspawn Fighter began the quest for the
                  | Orb.
     0 | D:1      | Reached XP level 1. HP: 18/18 MP: 1/1
   308 | D:1      | Gained mutation: A weak demonic guardian rushes to your
                  | aid. [demonic ancestry]
   308 | D:1      | Reached XP level 2. HP: 24/24 MP: 2/2
   371 | D:1      | Quit the game

Illustrated notes

Levels and vault maps discovered:
D:1:      psy_arrival_radial01, layout_loops_ring,
          shapermc_ecumenical_altar_totnotflames

Action                   || total
-------------------------++-------
Melee: War axe           ||    21
Armor: Scale mail        ||     9
       Plate armour      ||     2
Dodge: Dodged            ||     9
Block: Buckler           ||     8

Table legend: (Time is in decaauts)
 A = Elapsed time spent in this place.
 B = Non-inter-level travel time spent in this place.
 C = Inter-level travel time spent in this place.
 D = Time resting spent in this place.
 E = Time spent auto-exploring this place.
 F = Levels seen in this place.
 G = Mean time per level.
                   A        B        C        D        E       F      G
               +--------+--------+--------+--------+--------+-----+--------+
         Total |    380 |    335 |     45 |      0 |    230 |   1 |  380.0 |
       Dungeon |    380 |    335 |     45 |      0 |    230 |   1 |  380.0 |
               +--------+--------+--------+--------+--------+-----+--------+

Top non-repeatable levels by time:
     D:1: 380 daAuts
